 Dungeon Crawl Stone Soup version 0.17.0-28-g6e173f8 (webtiles) character file.

54 MirrMurr the Ducker (level 3, 0/15 HPs)
             Began as a Felid Artificer on Nov 22, 2015.
             Succumbed to an adder's poison
             ... on level 2 of the Dungeon.
             The game lasted 00:04:49 (2183 turns).

MirrMurr the Ducker (Felid Artificer)               Turns: 2183, Time: 00:04:49

Health: 0/15       AC:  1    Str:  8    XL:     3   Next: 66%
Magic:  6/6        EV: 25    Int: 13    God:
Gold:   108        SH:  0    Dex: 21    Spells: 0 memorised, 2 levels left
                                        Lives:  0   Deaths: 0

rFire  . . .     SeeInvis +       - Unarmed
rCold  . . .     Clarity  .     (armour unavailable)
rNeg   . . .     SustAt   .     (shield unavailable)
rPois  .         Gourm    .     (helmet unavailable)
rElec  .         Spirit   .     (cloak unavailable)
rCorr  .         Warding  .     (gloves unavailable)
rMut   .         Stasis   .     (boots unavailable)
MR     .....                    (no amulet)
Stlth  ++++......               (no ring)
                                (no ring)

@: agile, lethally poisoned (0 -> -11), quick, not resistant to hostile
enchantments, stealthy
A: no armour, no weapons or thrown items, claws 1, fangs 3, see invisible,
carnivore 3, speed 1, shaggy fur 1, slow metabolism 1, sharp paws
a: no special abilities


You were on level 2 of the Dungeon.
You were completely stuffed.

You visited 1 branch of the dungeon, and saw 2 of its levels.

You collected 108 gold pieces.

Inventory:

Wands
 a - a wand of flame (15)
 b - a wand of enslavement (14)
 c - a wand of random effects (15)
 p - a wand of fireball (5)
Scrolls
 e - a scroll of identify {unknown}
 g - a scroll of fog {unknown}
 h - 4 scrolls of teleportation
 k - a scroll of recharging {unknown}
 l - a scroll of random uselessness {unknown}
 n - a scroll of remove curse {unknown}
Potions
 f - a potion of ambrosia {unknown}
 i - a potion of resistance {unknown}
 j - a potion of magic {unknown}
 o - a potion of agility
Comestibles
 d - 3 meat rations
 m - a beef jerky


   Skills:
 - Level 1.0 Fighting
 + Level 3.6 Dodging
 - Level 1.3 Stealth
 * Level 3.1 Unarmed Combat
 - Level 3.2 Evocations


You had 2 spell levels left.
You didn't know any spells.

Dungeon Overview and Level Annotations

Branches:
Dungeon (2/15)

Altars:

Annotations:
D:2 exclusion: worm


Innate Abilities, Weirdness & Mutations

You cannot wear armour.
You are incapable of wielding weapons or throwing items.
You have sharp claws.
You have razor-sharp teeth.
You have supernaturally acute eyesight.
You are carnivorous and can eat meat at any time.
You cover ground quickly.
You are covered in fur (AC +1).
You have a slow metabolism.
Your sharp claws are effective at attacking unaware monsters.


Message History

You completely miss the adder.
The adder is heavily wounded.
You feel sick. The adder misses you.
You scratch the adder.
The adder is almost dead.
The adder bites you.
* * * LOW HITPOINT WARNING * * *
You are too injured to fight recklessly!
Drink which item? (? for menu, Esc to quit)
It was a potion of agility.
You feel agile all of a sudden. The adder misses you. The adder bites you.
* * * LOW HITPOINT WARNING * * *
You are more poisoned.
The adder poisons you!
Drink which item? (? for menu, Esc to quit)
Okay, then.
You completely miss the adder.
The adder is almost dead.
You die...

##.<...#.#
#...........#
#........#
#######.###.#
#......#.#
#...##.#
##......#.#
#.#....###.#
##.##.###.#
#...##.....#
#...#.###.#
##.#########
......[...#
#.##
#...#.#####
#..# ##..รท.#
##@# #######
##..###
#S##.......
#..# #K#)..##
#... #......#
##....
#..........
.......
#.........#.
#.>.....
#..........#
##....w.#
#.>........#
.
#.#.......##


You could see an adder and a kobold.

Vanquished Creatures
  2 adders (D:2)
  3 giant geckos
  2 bats (D:2)
  A giant cockroach (D:1)
  4 hobgoblins
  4 jackals (D:2)
  A ball python (D:2)
  4 goblins
  8 kobolds
  4 rats
33 creatures vanquished.

Vanquished Creatures (collateral kills)
  A hobgoblin (D:2)
1 creature vanquished.

Grand Total: 34 creatures vanquished

Notes
Turn   | Place    | Note
--------------------------------------------------------------
     0 | D:1      | MirrMurr the Felid Artificer began the quest for the Orb.
     0 | D:1      | Reached XP level 1. HP: 9/9 MP: 4/4
   527 | D:1      | Reached XP level 2. HP: 12/12 MP: 5/5
  1801 | D:2      | Reached XP level 3. HP: 5/15 MP: 6/6
  2183 | D:2      | Succumbed to an adder's poison

Action                   || total
-------------------------++-------
Melee: Unarmed           ||    96
Evoke: Wand              ||     1
  Use: Scroll            ||     1
       Potion            ||     1
 Stab: Sleeping          ||     8
       Betrayed ally     ||     1
  Eat: Chunk             ||    10
